 Dungeon Crawl Stone Soup version 0.30-a0-585-g93115170b9 (webtiles) character file.

Game seed: 13223699626868833114

12651 experimilk the Destroyer (level 11, -7/138 HPs)
             Began as a Pale Draconian Conjurer on Jan 2, 2023.
             Was a Believer of Vehumet.
             Mangled by a vampire (9 damage)
             ... on level 10 of the Dungeon.
             The game lasted 00:27:56 (16429 turns).

experimilk the Destroyer (Pale Draconian Conjurer) Turns: 16429, Time: 00:27:57

Health: -7/138     AC: 10    Str:  9    XL:     11   Next: 65%
Magic:  12/21      EV: 13    Int: 24    God:    Vehumet [**....]
Gold:   611        SH:  0    Dex:  9    Spells: 16/24 levels left

rFire   + . .      SeeInvis .    f - +0 short sword (vamp)
rCold   . . .      Faith    .    h - orb {*Rage}
rNeg    . . .      Spirit   .    (body armour unavailable)
rPois   .          Reflect  .    (helmet restricted)
rElec   .          Harm     .    M - +2 cloak
rCorr   .          Rampage  .    (no gloves)
Will    .....      Rage     20%  (no boots) Stlth
                                 (no amulet)
HPRegen 0.43/turn                e - ring of protection from fire
MPRegen 0.17/turn                (no ring)

@: berserking, short of breath, very quick
A: breathe steam, AC +7, unfitting armour, cold-blooded, steam resistance
a: Breathe Steam, Renounce Religion


You were on level 10 of the Dungeon.
You worshipped Vehumet.
Vehumet was pleased with you.
You visited 2 branches of the dungeon, and saw 11 of its levels.

You collected 611 gold pieces.

Inventory:

Hand Weapons
 f - a +0 vampiric short sword (weapon)
 t - a +2 whip of freezing
 w - a +3 hand axe
Missiles
 p - 2 throwing nets
Armour
 h - an orb of wrath (worn)
 M - a +2 cloak (worn)
Jewellery
 e - a ring of protection from fire (left hand)
 u - a ring of protection from fire
 N - an amulet of faith
Wands
 s - a wand of mindburst (3)
 D - a wand of polymorph (2)
 E - a wand of paralysis (6)
 G - a wand of flame (18)
 L - a wand of iceblast (11)
Scrolls
 b - a scroll of immolation
 c - a scroll of torment
 i - a scroll of poison
 j - 3 scrolls of teleportation
 k - 3 scrolls of enchant armour
 l - 2 scrolls of vulnerability {unknown}
 m - a scroll of brand weapon {unknown}
 n - a scroll of enchant weapon {unknown}
 q - 3 scrolls of fog
 x - 5 scrolls of amnesia
 y - a scroll of silence {unknown}
 F - 2 scrolls of identify
 H - 3 scrolls of magic mapping {unknown}
 I - a scroll of blinking {unknown}
Potions
 a - 2 potions of magic
 d - 3 potions of attraction
 g - a potion of berserk rage
 o - a potion of might
 r - 2 potions of lignification
 v - 3 potions of haste
 z - 3 potions of flight
 A - 3 potions of mutation
 B - 4 potions of heal wounds
 C - a potion of ambrosia {unknown}
 J - 2 potions of curing
Miscellaneous
 K - a tin of tremorstones (inert)


   Skills:
 - Level 7.0 Fighting
 - Level 7.0 Short Blades
 + Level 6.6 Dodging
 - Level 1.7 Stealth
 - Level 7.0 Spellcasting
 - Level 13.0 Conjurations
 - Level 3.0 Evocations


You had 16 spell levels left.
You knew the following spells:

 Your Spells              Type           Power      Damage    Failure   Level
a - Magic Dart            Conj           100%       1d8       1%          1
b - Foxfire               Conj/Fire      100%       2x1d9     1%          1
c - Fulminant Prism       Conj/Hex       19%        3d11      4%          4
z - Searing Ray           Conj           100%       2d8       1%          2

Your spell library contained the following spells:

 Spells                   Type           Power      Damage    Failure   Level
 Freeze                   Ice            32%        1d5       7%          1
 Dazzling Flash           Conj/Hex       78%        N/A       1%          3
 Iskenderun's Mystic Bla  Conj/Tloc      39%        2d9       4%          4
 Ozocubu's Armour         Ice            8%         N/A       22%         3
 Metabolic Englaciation   Hex/Ice        4%         N/A       89%         5
 Simulacrum               Ice/Necr       4%         N/A       100%        6


Dungeon Overview and Level Annotations

Branches:
Dungeon (10/15)            Temple (1/1) D:6            Lair (0/5) D:10
    Orc: D:9-12

Altars:
Ashenzari
Cheibriados
Dithmenos
Elyvilon
Fedhas
Gozag
Hepliaklqana
Kikubaaqudgha
Makhleb
Nemelex Xobeh
Okawaru
Qazlal
Ru
Sif Muna
Trog
Vehumet
Wu Jian
Xom
Yredelemnul
Zin
The Shining One

Annotations:
D:6 1 runed translucent door, Pokonic1's ghost, novice DsFi
D:9 2 runed translucent doors, exclusion: orange crystal statue


Innate Abilities, Weirdness & Mutations

You can breathe blasts of scalding, opaque steam.
Your pale cyan-grey scales are hard. (AC +7)
You cannot fit into any form of body armour.
You are cold-blooded and may be slowed by cold attacks.
You are immune to the effects of steam.


Message History

You hit the vampire.
The vampire is severely damaged.
The vampire hits you but does no damage.
The vampire bites you.
* * * LOW HITPOINT WARNING * * *
The vampire draws strength from your injuries!
You hit the vampire but do no damage.
The vampire is heavily damaged.
The vampire barely misses you.
The vampire bites you but does no damage.
A red film seems to cover your vision as you go berserk!
You feel yourself moving faster!
You feel mighty!
You hit the vampire but do no damage.
The vampire is heavily damaged.
You hit the vampire but do no damage.
The vampire is heavily damaged.
The vampire draws life force from you!
* * * LOW HITPOINT WARNING * * *
The vampire is healed by the life force!
You hit the vampire but do no damage.
The vampire is moderately damaged.
You hit the vampire.
The vampire is heavily damaged.
The vampire hits you.
* * * LOW HITPOINT WARNING * * *
The vampire misses you.
You hit the vampire but do no damage.
The vampire is heavily damaged.
You hit the vampire but do no damage.
The vampire is heavily damaged.
The vampire closely misses you. The vampire bites you.
* * * LOW HITPOINT WARNING * * *
The vampire draws strength from your injuries!
You puncture the vampire!
The vampire is heavily damaged.
You closely miss the vampire.
You tail-slap the vampire, but do no damage.
The vampire is heavily damaged.
The vampire hits you!
You die...

#.P..P.....P
##.....P....
##.....P...
###.........
#...†#......
#....+......
#....# .....
#.V..# .....
#..@.# ....
###### ....


You could see a vampire.

Vanquished Creatures
  A two-headed ogre (D:9)
  A tengu warrior (D:10)
  2 deep elf pyromancers
  An ugly thing (D:7)
  A manticore (D:6)
  Maurice (D:8)
  Joseph (D:8)
  2 kobold demonologists (D:10)
  2 trolls
  12 yaks
  Sigmund (D:2)
  2 wraiths (D:7)
  2 shadows (D:9)
  4 wyverns (D:10)
  Menkaure (D:7)
  A steam dragon (D:7)
  2 acid dragons (D:10)
  2 water moccasins
  2 orc warriors
  2 ice beasts
  5 black bears
  2 sky beasts (D:7)
  2 ogres (D:5)
  A wolf (D:10)
  3 centaurs
  A kobold brigand (D:7)
  A gnoll sergeant (D:6)
  3 bullfrogs
  2 necrophages
  6 scorpions
  11 wights
  5 killer bees
  3 howler monkeys
  3 hounds
  6 orc priests
  5 jellies
  A gnoll bouda (D:7)
  5 iguanas
  9 orc wizards
  7 gnolls
  8 adders
  A white imp (D:4)
  3 ufetubi
  4 worms
  3 dart slugs
  42 orcs
  7 bats
  8 endoplasms
  5 giant cockroaches
  10 goblins
  9 hobgoblins
  7 jackals
  12 kobolds
  2 quokkas
  6 ball pythons
  4 frilled lizards
  8 rats
263 creatures vanquished.

Vanquished Creatures (collateral kills)
  3 foxfires (D:10)
3 creatures vanquished.

Vanquished Creatures (others)
  An unseen horror (D:10)
  A bullfrog (D:8)
  304 foxfires
  3 fulminant prisms
  4 fungi (D:10)
  61 plants
374 creatures vanquished.

Grand Total: 640 creatures vanquished

Notes
Turn   | Place    | Note
-------+----------+-------------------------------------------
     0 | D:1      | experimilk the Draconian Conjurer began the quest for the
                  | Orb.
     0 | D:1      | Reached XP level 1. HP: 14/14 MP: 3/3
   214 | D:1      | Reached XP level 2. HP: 20/20 MP: 0/5
   270 | D:1      | Learned a level 2 spell: Searing Ray
  1128 | D:1      | Reached XP level 3. HP: 26/26 MP: 3/6
  2477 | D:2      | Reached skill level 5 in Conjurations
  2894 | D:2      | Noticed Sigmund
  2939 | D:2      | Reached XP level 4. HP: 17/33 MP: 4/8
  3163 | D:3      | Found a blossoming altar of Fedhas.
  3569 | D:3      | Found a faded altar of an unknown god.
  3621 | D:3      | Found a white marble altar of Elyvilon.
  3677 | D:3      | Found a sacrificial altar of Ru.
  3923 | D:4      | Reached XP level 5. HP: 38/38 MP: 2/10
  4466 | D:4      | Reached skill level 6 in Conjurations
  4692 | D:4      | Reached XP level 6. HP: 45/45 MP: 3/11
  4750 | D:4      | Identified the ring "Nainuung" {rC+ rN+ Str-5 Int+6 Dex-3}
  5052 | D:4      | Reached skill level 7 in Conjurations
  5052 | D:4      | Your scales start taking on a pale cyan-grey colour.
  5052 | D:4      | Reached XP level 7. HP: 25/50 MP: 1/14
  5052 | D:4      | Gained mutation: You are immune to the effects of steam.
                  | [Pale Draconian growth]
  5056 | D:4      | Reached skill level 5 in Spellcasting
  5696 | D:2      | Killed Sigmund
  5697 | D:2      | Reached skill level 1 in Fighting
  5697 | D:2      | Reached skill level 1 in Short Blades
  6134 | D:5      | Entered Level 5 of the Dungeon
  6370 | D:5      | Found a burning altar of Makhleb.
  6370 | D:5      | Found an opulent altar of Gozag.
  6578 | D:5      | Reached skill level 8 in Conjurations
  6578 | D:5      | Reached XP level 8. HP: 62/62 MP: 7/15
  7735 | D:6      | Found a runed translucent door.
  7735 | D:6      | Noticed Pokonic1's ghost (novice DsFi)
  7818 | D:6      | Found a staircase to the Ecumenical Temple.
  7828 | Temple   | Entered the Ecumenical Temple
  7998 | Temple   | Became a worshipper of Vehumet
  8061 | D:6      | Reached skill level 9 in Conjurations
  8214 | D:6      | Reached skill level 5 in Short Blades
  8484 | D:6      | Reached XP level 9. HP: 69/69 MP: 11/17
  8680 | D:6      | Noticed a manticore
  8681 | D:6      | Noticed a deep elf pyromancer
  8703 | D:6      | Killed a manticore
  8822 | D:6      | Killed a deep elf pyromancer
  8828 | D:6      | Learned a level 4 spell: Fulminant Prism
  9276 | D:7      | Reached skill level 10 in Conjurations
  9483 | D:7      | Noticed Menkaure
  9491 | D:7      | Killed Menkaure
 10063 | D:7      | Reached * piety under Vehumet
 10063 | D:7      | Offered knowledge of Foxfire by Vehumet.
 10108 | D:7      | Learned a level 1 spell: Foxfire
 10485 | D:7      | Reached XP level 10. HP: 66/79 MP: 9/20
 10640 | D:7      | Noticed a cyan ugly thing
 10640 | D:7      | Noticed a deep elf pyromancer
 10653 | D:7      | Killed a cyan ugly thing
 11185 | D:7      | Killed a deep elf pyromancer
 11186 | D:7      | Reached skill level 5 in Fighting
 11186 | D:7      | Reached skill level 11 in Conjurations
 11327 | D:7      | Reached skill level 5 in Dodging
 12233 | D:8      | Noticed Maurice
 12245 | D:8      | Killed Maurice
 12246 | D:8      | Reached skill level 12 in Conjurations
 12660 | D:8      | Noticed Joseph
 12667 | D:8      | Killed Joseph
 13287 | D:9      | Found a runed translucent door.
 13287 | D:9      | Noticed an orange crystal statue
 13287 | D:9      | Found the +10 tower shield of Ignorance {rN+ Int-4}
 13565 | D:9      | Noticed a two-headed ogre
 13575 | D:9      | Killed a two-headed ogre
 13801 | D:9      | Reached XP level 11. HP: 86/86 MP: 18/21
 14038 | D:9      | Found a runed translucent door.
 14064 | D:9      | Reached skill level 13 in Conjurations
 14598 | D:10     | Entered Level 10 of the Dungeon
 14684 | D:10     | Reached ** piety under Vehumet
 14684 | D:10     | Offered knowledge of Freeze by Vehumet.
 15067 | D:10     | Noticed a tengu warrior
 15077 | D:10     | Killed a tengu warrior
 16192 | D:10     | Found a staircase to the Lair.
 16427 | D:10     | HP: 2/138 [vampire (6)]
 16429 | D:10     | Mangled by a vampire

Illustrated notes

Levels and vault maps discovered:
D:1:      dpeg_arrival_boxorama, layout_loops_ring, minivault_24,
          hangedman_decor_peaks_small, minmay_circled_x
D:2:      layout_basic, serial_bayou_lagoon_a, minmay_increasing_density,
          uniq_sigmund
D:3:      layout_rooms, gammafunk_temple_overflow_statue, fedhas_altar_3,
          hellmonk_ecumenical_altar_pennies_from_heaven, roderic_st_hans_cross
D:4:      minmay_octagon_keep, layout_cave_pods, hex_tiny
D:5:      layout_basic, gammafunk_temple_overflow_elements
D:6:      layout_basic, temple_green, ebering_ghost_inner_flame,
          dk_noncrumbling_4, minmay_three_doors
D:7:      minmay_slanted_spiral_squares, layout_basic,
          kennysheep_decorative_pillar, nrook_mini_backslash,
          nicolae_figureground_pulse, uniq_menkaure
D:8:      layout_basic, nrook_campfire, uniq_maurice, uniq_joseph
D:9:      layout_stronghold, minmay_misc_feat_square,
          chequers_guarded_unrand_ignorance
D:10:     kennysheep_six_static_rooms, layout_gridville, kennysheep_mini,
          minmay_lair_entry_grove
Temple:   nicolae_temple_slightly_damp_pantheon

Skill      XL: |  1  2  3  4  5  6  7  8  9 10 11 |
---------------+----------------------------------+-----
Conjurations   | 5 6 7 8 9 10 12 13 | 13.0
Spellcasting   | 3 4 5 7 |  7.0
Fighting       | 2 3 4 5 7 |  7.0
Short Blades   | 2 5 7 |  7.0
Dodging        | 2 3 5 6 |  6.6
Evocations     | 2 3 |  3.0
Stealth        | |  1.7

Action                   |  1- 3 |  4- 6 |  7- 9 | 10-12 || total
-------------------------+-------+-------+-------+-------++-------
Melee: Unarmed           |     1 |       |       |       ||     1
       Dagger            |    28 |       |       |       ||    28
       Tailslap          |     4 |     3 |     3 |     4 ||    14
       Short sword       |    13 |    36 |    17 |    36 ||   102
       Whip              |       |     2 |       |       ||     2
 Cast: Magic Dart        |    46 |    42 |    54 |       ||   142
       Searing Ray       |    18 |    22 |    58 |    58 ||   156
       Foxfire           |       |       |    14 |   171 ||   185
       Fulminant Prism   |       |       |     1 |     2 ||     3
 Abil: Breathe Steam     |       |       |    15 |    16 ||    31
Evoke: Tin of tremorston |       |       |       |     2 ||     2
  Use: Scroll            |     3 |     3 |     5 |     8 ||    19
       Potion            |     2 |       |       |     1 ||     3
Armor: Skin              |    38 |    15 |    19 |    61 ||   133
Dodge: Dodged            |    51 |    31 |    31 |    68 ||   181

Table legend: (Time is in decaauts)
 A = Elapsed time spent in this place.
 B = Non-inter-level travel time spent in this place.
 C = Inter-level travel time spent in this place.
 D = Time resting spent in this place.
 E = Time spent auto-exploring this place.
 F = Levels seen in this place.
 G = Mean time per level.
                   A        B        C        D        E       F      G
               +--------+--------+--------+--------+--------+-----+--------+
         Total |  16519 |  16086 |    433 |   5356 |   8813 |  11 | 1501.7 |
       Dungeon |  16329 |  15914 |    415 |   5356 |   8665 |  10 | 1632.9 |
        Temple |    189 |    171 |     18 |      0 |    148 |   1 |  189.0 |
               +--------+--------+--------+--------+--------+-----+--------+

Top non-repeatable levels by time:
     D:7: 2507 daAuts
     D:1: 2112 daAuts
    D:10: 1853 daAuts
     D:4: 1800 daAuts
     D:8: 1752 daAuts
     D:6: 1737 daAuts
     D:2: 1400 daAuts
     D:9: 1228 daAuts
     D:5: 1053 daAuts
     D:3: 884 daAuts
  Temple: 189 daAuts
